 Dungeon Crawl Stone Soup version 0.18-a0-801-gb01a236 (webtiles) character file.

15 JokEr the Insei (level 2, 0/19 HPs)
             Began as an Octopode Transmuter on Dec 14, 2015.
             Succumbed to an adder's poison
             ... on level 2 of the Dungeon.
             The game lasted 00:02:36 (417 turns).

JokEr the Insei (Octopode Transmuter)                Turns: 417, Time: 00:02:36

Health: 0/19       AC:  1    Str:  9    XL:     2   Next: 50%
Magic:  3/5        EV: 12    Int: 15    God:
Gold:   42         SH:  0    Dex: 12    Spells: 1 memorised, 4 levels left

rFire  . . .     SeeInvis .       - Unarmed
rCold  . . .     Clarity  .     (no shield)
rNeg   . . .     SustAt   .     (helmet restricted)
rPois  .         Gourm    .     (no amulet)
rElec  .         Spirit   .     (no ring)
rCorr  .         Dismiss  .     (no ring)
rMut   .         Stasis   .     (no ring)
MR     .....                    (no ring)
Stlth  ++........               (no ring)
                                (no ring)
                                (no ring)
                                (no ring)

@: lethally poisoned (0 -> -10), appendage, not resistant to hostile
enchantments, unstealthy
A: almost no armour, amphibious, 8 rings, constrict 8, tentacle spike 3,
camouflage 1, gelatinous body 1
a: End Transformation


You were on level 2 of the Dungeon.
You were not hungry.
One of your tentacles had a temporary spike.
You visited 1 branch of the dungeon, and saw 2 of its levels.

You collected 42 gold pieces.

Inventory:

Missiles
 a - 12 arrows
Jewellery
 k - an uncursed ring of protection from magic {unknown}
 m - a cursed ring of loudness {unknown}
Scrolls
 d - 2 scrolls of identify {unknown}
 e - a scroll of fear {unknown}
 g - a scroll of blinking {unknown}
 h - a scroll of enchant armour {unknown}
Potions
 i - a potion of haste {unknown}
 l - a potion of might {unknown}
Books
 b - a book of Changes

   Spells                             Type                      Level
   a - Beastly Appendage              Transmutation                1
   b - Sticks to Snakes               Transmutation                2
   c - Spider Form                    Transmutation/Poison         3
   d - Ice Form                       Ice/Transmutation            4
   e - Blade Hands                    Transmutation                5
Comestibles
 c - a bread ration
 f - a beef jerky
 j - a meat ration


   Skills:
 + Level 1.8 Fighting
 - Level 2.0 Dodging
 + Level 3.1 Unarmed Combat
 + Level 2.2 Spellcasting
 - Level 2.0 Transmutations


You had 4 spell levels left.
You knew the following spells:

 Your Spells              Type           Power        Failure   Level  Hunger
a - Beastly Appendage     Trmt           #.....       12%         1    #......


Dungeon Overview and Level Annotations

Branches:
Dungeon (1/15)

Altars:


Innate Abilities, Weirdness & Mutations

You cannot wear most types of armour.
You are amphibious.
You can wear up to eight rings at the same time.
You can use your tentacles to constrict eight enemies at once.
Your skin changes colour to match your surroundings (Stealth).
Your rubbery body absorbs attacks (AC +1).
One of your tentacles bears a large vicious spike.


Message History

The adder bites you.
You are more poisoned.
The adder poisons you!
You tentacle-slap the adder.
The adder is heavily wounded.
You constrict the adder.
You feel sick. The adder bites you.
* * * LOW HITPOINT WARNING * * *
Sorry, you're not good enough to have a special ability.
Casting: Beastly Appendage
Confirm with . or Enter, or press ? or * to list all spells.
One of your tentacles grows a vicious spike.
You constrict the adder.
* * * LOW HITPOINT WARNING * * *
You feel sick. The adder barely misses you.
You tentacle-slap the adder.
Your tentacle spike misses the adder.
The adder is almost dead.
You constrict the adder.
You kill the adder!
You have reached level 2!
You die...

#.### #.#.. #.#.#
#.#.# # #.#.## .#
#######....###.# .
#......†.#.....#..#
#.######..........#
#.# #.....#@.###.##
#.# #.#####..# #.#
# #..# #.# ...#
######.# ##..#
.......# #..#
.####### #... .#
#.## [# #.#


There were no monsters in sight!

Vanquished Creatures
  An adder (D:2)
  3 bats
  A hobgoblin (D:1)
  2 rats
7 creatures vanquished.

Notes
Turn   | Place    | Note
--------------------------------------------------------------
     0 | D:1      | JokEr the Octopode Transmuter began the quest for the Orb.
     0 | D:1      | Reached XP level 1. HP: 13/13 MP: 3/3
   300 | D:1      | You fall through a shaft!
   416 | D:2      | Reached XP level 2. HP: 1/19 MP: 3/5
   417 | D:2      | Succumbed to an adder's poison

Vault maps used:
D:1:      saegor_arrival_simple_f, grunt_decor_mini_mirrors, st_stairs_9,
          hangedman_decor_clover_reticule
D:2:      gammafunk_temple_overflow_statue, uniq_crazy_yiuf_cottage

Action                   || total
-------------------------++-------
Melee: Unarmed           ||    16
 Cast: Beastly Appendage ||     3
 Stab: Sleeping          ||     1
